[ AOE2 MATCH · #495592876 ]
UnrankedMagyars vs Franks
Player's team · WIN
Rival team · LOSS
[ REPLAY ANALYSIS · EXTRACTED FROM THE RECORDED GAME ]
Feudal
9:16
Castle
20:29
Imperial
—
| APM avg | 78.7 |
| APM peak | 156 |
| eAPM avg | 32.1 |
| Villagers / military | 72 / 33 |
Focus
⚔️ 38.9% · 🌾 61.1%
Cavalry Archer ×24 · Skirmisher ×4 · Mangonel ×3 · Scout Cavalry ×2
Feudal
10:48
Castle
22:00
Imperial
—
| APM avg | 55.3 |
| APM peak | 88 |
| eAPM avg | 27.8 |
| Villagers / military | 64 / 44 |
Focus
⚔️ 51.6% · 🌾 48.4%
Archer ×34 · Militia ×6 · Spearman ×3 · Mangonel ×1
Match map
Initial resources + every placement click. Lines = walls · curves = elevation contours. ◆ gold · ⬟ stone · ● berries · ✦ relic · ◌ wall gap
Your base· ✓ Closed at 20:29 · 23t walls · 1 gate(s)
xana's base· ✓ Closed at 22:00 · 51t walls · no gate
Smoothed initial terrain · ◌ = detected wall gap · hover for details
Inputs per minute
— Zionic - - xana
Build order — Zionic
First 150 of 185 actions detected
| 0:01 | Queue | Villager (Male) |
| 0:02 | Build | House |
| 0:03 | Build | House |
| 0:12 | Queue | Villager (Male) |
| 0:23 | Queue | Villager (Male) |
| 0:36 | Queue | Villager (Male) |
| 0:36 | Queue | Villager (Male) |
| 0:36 | Queue | Villager (Male) |
| 1:12 | Queue | Villager (Male) |
| 1:13 | Queue | Villager (Male) |
| 1:36 | Build | Mill |
| 1:46 | Build | House |
| 2:01 | Queue | Villager (Male) |
| 2:02 | Queue | Villager (Male) |
| 2:02 | Queue | Villager (Male) |
| 2:25 | Queue | Villager (Male) |
| 2:25 | Queue | Villager (Male) |
| 2:26 | Queue | Villager (Male) |
| 2:48 | Queue | Villager (Male) |
| 2:48 | Queue | Villager (Male) |
| 3:20 | Queue | Villager (Male) |
| 3:38 | Queue | Villager (Male) |
| 3:38 | Queue | Villager (Male) |
| 3:48 | Queue | Villager (Male) |
| 4:19 | Research | Loom |
| 4:35 | Queue | Villager (Male) |
| 4:52 | Queue | Villager (Male) |
| 5:11 | Build | Lumber Camp |
| 5:24 | Queue | Villager (Male) |
| 5:40 | Queue | Villager (Male) |
| 6:13 | Queue | Villager (Male) |
| 6:24 | Queue | Villager (Male) |
| 7:05 | Research | Feudal Age |
| 7:05 | Research | Feudal Age |
| 8:13 | Build | Lumber Camp |
| 8:17 | Build | Lumber Camp |
| 9:07 | Build | Barracks |
| 9:10 | Queue | Villager (Male) |
| 9:11 | Build | House |
| 9:16 | Age | Feudal Age |
| 9:22 | Research | Double-Bit Axe |
| 9:37 | Queue | Villager (Male) |
| 9:39 | Build | Mill |
| 10:07 | Queue | Villager (Male) |
| 10:19 | Build | Stable |
| 10:20 | Queue | Villager (Male) |
| 10:56 | Build | House |
| 10:59 | Build | Palisade Wall |
| 10:59 | Queue | Villager (Male) |
| 11:00 | Queue | Villager (Male) |
| 11:03 | Build | Palisade Wall |
| 11:04 | Queue | Scout Cavalry |
| 11:10 | Queue | Villager (Male) |
| 11:14 | Build | Palisade Wall |
| 11:21 | Queue | Scout Cavalry |
| 11:21 | Queue | Villager (Male) |
| 11:25 | Build | Farm |
| 11:26 | Build | Farm |
| 11:38 | Build | House |
| 11:44 | Queue | Villager (Male) |
| 11:50 | Build | Palisade Wall |
| 11:51 | Build | Palisade Wall |
| 11:57 | Build | Farm |
| 12:13 | Build | House |
| 12:14 | Build | House |
| 12:16 | Queue | Villager (Male) |
| 12:22 | Build | Farm |
| 12:34 | Build | Farm |
| 12:36 | Queue | Villager (Male) |
| 12:43 | Queue | Villager (Male) |
| 12:47 | Build | House |
| 12:51 | Build | Farm |
| 12:55 | Build | Farm |
| 13:05 | Queue | Villager (Male) |
| 13:17 | Build | Farm |
| 13:19 | Build | Farm |
| 13:25 | Research | Horse Collar |
| 13:41 | Build | Farm |
| 13:52 | Build | Farm |
| 13:55 | Queue | Villager (Male) |
| 14:15 | Build | Mining Camp |
| 14:20 | Build | Mining Camp |
| 14:22 | Queue | Villager (Male) |
| 14:41 | Queue | Villager (Male) |
| 15:07 | Build | Archery Range |
| 15:14 | Queue | Villager (Male) |
| 15:31 | Build | Farm |
| 15:34 | Queue | Villager (Male) |
| 15:42 | Queue | Villager (Male) |
| 15:54 | Queue | Villager (Male) |
| 15:57 | Build | Blacksmith |
| 16:01 | Build | Blacksmith |
| 16:03 | Queue | Skirmisher |
| 16:03 | Queue | Skirmisher |
| 16:18 | Build | Farm |
| 16:34 | Build | House |
| 16:43 | Queue | Skirmisher |
| 16:43 | Queue | Villager (Male) |
| 16:56 | Build | Farm |
| 17:03 | Build | House |
| 17:11 | Build | House |
| 17:14 | Queue | Villager (Male) |
| 17:18 | Research | Town Watch |
| 17:18 | Research | Town Watch |
| 17:49 | Research | Castle Age |
| 17:49 | Research | Castle Age |
| 17:49 | Research | Castle Age |
| 17:54 | Build | Palisade Gate |
| 18:25 | Research | Gold Mining |
| 18:31 | Research | Fletching |
| 18:32 | Research | Fletching |
| 18:43 | Build | Archery Range |
| 18:49 | Queue | Skirmisher |
| 19:32 | Research | Padded Archer Armor |
| 19:32 | Research | Padded Archer Armor |
| 19:34 | Research | Bloodlines |
| 20:24 | Queue | Villager (Male) |
| 20:29 | Age | Castle Age |
| 20:30 | Queue | Cavalry Archer |
| 20:31 | Queue | Cavalry Archer |
| 20:31 | Research | Bodkin Arrow |
| 20:39 | Build | Town Center |
| 20:44 | Queue | Cavalry Archer |
| 20:45 | Queue | Cavalry Archer |
| 20:45 | Queue | Villager (Male) |
| 21:02 | Research | Husbandry |
| 21:02 | Queue | Cavalry Archer |
| 21:02 | Queue | Cavalry Archer |
| 21:16 | Queue | Cavalry Archer |
| 21:37 | Queue | Cavalry Archer |
| 21:38 | Queue | Villager (Male) |
| 21:41 | Queue | Villager (Male) |
| 21:49 | Queue | Villager (Male) |
| 21:49 | Queue | Cavalry Archer |
| 21:58 | Build | Siege Workshop |
| 22:01 | Queue | Cavalry Archer |
| 22:03 | Queue | Villager (Male) |
| 22:09 | Build | Siege Workshop |
| 22:19 | Queue | Cavalry Archer |
| 22:19 | Queue | Cavalry Archer |
| 22:19 | Queue | Cavalry Archer |
| 22:19 | Queue | Cavalry Archer |
| 22:31 | Build | House |
| 22:32 | Build | House |
| 22:33 | Build | House |
| 22:42 | Queue | Cavalry Archer |
| 22:42 | Queue | Cavalry Archer |
| 23:02 | Queue | Cavalry Archer |
| 23:02 | Queue | Cavalry Archer |
| 23:05 | Research | Leather Archer Armor |
Build order — xana
First 150 of 195 actions detected
| 0:01 | Queue | Villager (Male) ×4 |
| 0:02 | Build | House |
| 0:03 | Build | House |
| 1:29 | Queue | Villager (Male) |
| 1:57 | Queue | Villager (Male) |
| 2:23 | Queue | Villager (Male) |
| 2:27 | Build | Barracks |
| 2:46 | Queue | Villager (Male) |
| 3:07 | Queue | Villager (Male) |
| 3:19 | Build | House |
| 3:26 | Queue | Militia |
| 3:37 | Queue | Villager (Male) |
| 4:05 | Queue | Militia |
| 4:18 | Queue | Villager (Male) |
| 4:18 | Queue | Villager (Male) |
| 4:30 | Queue | Villager (Male) |
| 4:32 | Queue | Militia |
| 4:35 | Build | House |
| 4:37 | Build | Palisade Wall |
| 4:51 | Queue | Villager (Male) |
| 5:09 | Queue | Villager (Male) |
| 5:10 | Build | Palisade Wall |
| 5:11 | Build | Palisade Wall |
| 5:11 | Build | Palisade Wall |
| 5:42 | Queue | Villager (Male) |
| 5:59 | Queue | Villager (Male) |
| 6:24 | Queue | Villager (Male) |
| 6:27 | Queue | Villager (Male) |
| 6:54 | Queue | Villager (Male) |
| 7:11 | Build | Mill |
| 7:36 | Build | Palisade Wall |
| 7:48 | Queue | Villager (Male) |
| 7:48 | Research | Loom |
| 8:12 | Build | Lumber Camp |
| 8:14 | Build | Lumber Camp |
| 8:37 | Research | Feudal Age |
| 9:11 | Build | House |
| 9:13 | Queue | Militia |
| 9:13 | Queue | Militia |
| 9:25 | Build | Mining Camp |
| 9:31 | Queue | Villager (Male) |
| 9:36 | Build | House |
| 9:38 | Build | Palisade Wall |
| 9:42 | Build | Palisade Wall |
| 9:44 | Build | Palisade Wall |
| 9:51 | Queue | Militia |
| 10:05 | Build | Palisade Wall |
| 10:06 | Build | Palisade Wall |
| 10:07 | Build | Palisade Wall |
| 10:07 | Build | Palisade Wall |
| 10:07 | Build | Palisade Wall |
| 10:08 | Build | Palisade Wall |
| 10:28 | Build | Mill |
| 10:31 | Build | Palisade Wall |
| 10:46 | Build | House |
| 10:48 | Build | Palisade Wall |
| 10:48 | Age | Feudal Age |
| 10:49 | Build | Palisade Wall |
| 10:51 | Research | Man-at-Arms (upgrade) |
| 11:04 | Queue | Villager (Male) |
| 11:20 | Queue | Spearman |
| 11:20 | Queue | Spearman |
| 11:38 | Build | Farm |
| 11:42 | Queue | Villager (Male) |
| 12:05 | Build | Farm |
| 12:07 | Build | Farm |
| 12:07 | Queue | Villager (Male) |
| 12:23 | Queue | Villager (Male) |
| 12:53 | Queue | Villager (Male) |
| 13:09 | Build | Archery Range |
| 13:16 | Queue | Villager (Male) |
| 13:34 | Queue | Spearman |
| 13:36 | Queue | Villager (Male) |
| 13:42 | Build | Farm |
| 13:53 | Queue | Archer |
| 14:01 | Build | Palisade Wall |
| 14:08 | Build | House |
| 14:12 | Queue | Villager (Male) |
| 14:15 | Queue | Archer |
| 14:18 | Queue | Archer |
| 14:24 | Research | Double-Bit Axe |
| 14:24 | Research | Double-Bit Axe |
| 14:30 | Queue | Villager (Male) |
| 14:34 | Build | House |
| 14:37 | Queue | Archer |
| 14:50 | Queue | Villager (Male) |
| 15:10 | Build | Lumber Camp |
| 15:14 | Queue | Villager (Male) |
| 15:17 | Build | House |
| 15:21 | Build | House |
| 15:28 | Queue | Archer |
| 15:40 | Queue | Villager (Male) |
| 15:42 | Queue | Archer |
| 16:03 | Build | Blacksmith |
| 16:05 | Queue | Villager (Male) |
| 16:06 | Queue | Archer |
| 16:10 | Build | Farm |
| 16:12 | Queue | Archer |
| 16:28 | Build | Farm |
| 16:29 | Queue | Villager (Male) |
| 16:46 | Queue | Archer |
| 17:06 | Build | Farm |
| 17:07 | Build | Farm |
| 17:14 | Build | Market |
| 17:16 | Build | House |
| 17:24 | Queue | Villager (Male) |
| 17:25 | Queue | Archer |
| 17:26 | Queue | Villager (Male) |
| 17:34 | Build | Farm |
| 17:35 | Build | Farm |
| 17:37 | Build | Farm |
| 17:45 | Build | Farm |
| 17:57 | Queue | Villager (Male) |
| 18:15 | Build | Farm |
| 18:18 | Build | Farm |
| 18:30 | Build | Farm |
| 18:32 | Build | Farm |
| 18:33 | Queue | Archer |
| 18:59 | Build | Farm |
| 19:20 | Research | Castle Age |
| 19:20 | Research | Castle Age |
| 19:28 | Build | Archery Range |
| 19:43 | Build | House |
| 19:44 | Build | House |
| 19:51 | Research | Fletching |
| 20:04 | Build | Archery Range |
| 20:18 | Research | Gold Mining |
| 20:18 | Research | Gold Mining |
| 20:24 | Queue | Archer |
| 20:24 | Queue | Archer |
| 20:34 | Research | Padded Archer Armor |
| 21:00 | Queue | Villager (Male) |
| 21:08 | Queue | Villager (Male) |
| 21:11 | Queue | Archer |
| 21:11 | Queue | Archer |
| 21:11 | Queue | Archer |
| 21:17 | Build | House |
| 21:19 | Build | House |
| 21:19 | Build | House |
| 21:51 | Queue | Archer |
| 21:51 | Queue | Archer |
| 22:00 | Age | Castle Age |
| 22:06 | Research | Crossbowman (upgrade) |
| 22:14 | Build | University |
| 22:17 | Build | House |
| 22:18 | Build | Palisade Wall |
| 22:39 | Queue | Villager (Male) |
| 22:42 | Build | Siege Workshop |
| 22:43 | Queue | Villager (Male) |
| 22:58 | Queue | Archer |
Match timeline
| 2:27 | xana · first_building Barracks |
| 4:37 | xana · wall_segment Palisade Wall x4 |
| 5:10 | xana · wall_segment Palisade Wall x1 |
| 5:11 | xana · wall_segment Palisade Wall x1 |
| 5:11 | xana · wall_segment Palisade Wall x1 |
| 7:36 | xana · wall_segment Palisade Wall x1 |
| 9:07 | Zionic · first_building Barracks |
| 9:16 | Zionic · age_up feudal |
| 9:38 | xana · wall_segment Palisade Wall x2 |
| 9:42 | xana · wall_segment Palisade Wall x1 |
| 9:44 | xana · wall_segment Palisade Wall x13 |
| 10:05 | xana · wall_segment Palisade Wall x1 |
| 10:06 | xana · wall_segment Palisade Wall x1 |
| 10:07 | xana · wall_segment Palisade Wall x1 |
| 10:07 | xana · wall_segment Palisade Wall x1 |
| 10:07 | xana · wall_segment Palisade Wall x1 |
| 10:08 | xana · wall_segment Palisade Wall x1 |
| 10:19 | Zionic · first_building Stable |
| 10:31 | xana · wall_segment Palisade Wall x10 |
| 10:48 | xana · wall_segment Palisade Wall x7 |
| 10:48 | xana · age_up feudal |
| 10:49 | xana · wall_segment Palisade Wall x5 |
| 10:59 | Zionic · wall_segment Palisade Wall x6 |
| 11:03 | Zionic · wall_segment Palisade Wall x13 |
| 11:14 | Zionic · wall_segment Palisade Wall x4 |
| 11:50 | Zionic · wall_segment Palisade Wall x1 |
| 11:51 | Zionic · wall_segment Palisade Wall x1 |
| 13:09 | xana · first_building Archery Range |
| 14:01 | xana · wall_segment Palisade Wall x1 |
| 15:07 | Zionic · first_building Archery Range |
| 18:11 | xana · first_market_sell 100 stone |
| 18:11 | xana · first_market_buy 100 food |
| 20:29 | Zionic · age_up castle |
| 21:58 | Zionic · first_building Siege Workshop |
| 22:00 | xana · age_up castle |
| 22:18 | xana · wall_segment Palisade Wall x5 |
| 22:42 | xana · first_building Siege Workshop |
| 26:58 | xana · resign |
[ AI ANALYSIS · 1 CREDIT ]
What really happened in this match?
Wolo.gg analyzes every decision: build order, eco, micro, common mistakes by bracket. Personalized analysis on WhatsApp or Discord in 30 seconds.
Civ guide
Magyars
Perfil
Jugador #3025516